 Dungeon Crawl Stone Soup version 0.28-b1-1-g3c77fb2ed1 (webtiles) character file.

Game seed: 6892193247470082628

32 Descartes the Digger (level 3, -1/20 HPs)
             Began as a Deep Elf Wanderer on Jan 27, 2022.
             Was a Follower of Cheibriados.
             Slain by an iguana (6 damage)
             ... on level 2 of the Dungeon.
             The game lasted 00:05:23 (1757 turns).

Descartes the Digger (Deep Elf Wanderer)            Turns: 1757, Time: 00:05:25

Health: -1/20      AC:  5    Str: 13    XL:     3   Next: 10%
Magic:  4/8        EV: 10    Int: 21    God:    Cheibriados [*.....]
Gold:   79         SH:  0    Dex: 16    Spells: 2/6 levels left

rFire   . . .      SeeInvis .   a - +0 dagger
rCold   . . .      Faith    .   (no shield)
rNeg    . . .      Spirit   .   k - +0 ring mail
rPois   .          Reflect  .   (no helmet)
rElec   .          Harm     .   (no cloak)
rCorr   .          Rampage  .   (no gloves)
Will    .....                   (no boots)
Stlth   +.........              (no amulet)
HPRegen 0.06/turn               (no ring)
MPRegen 0.11/turn               (no ring)

@: very slightly contaminated, slowed, very slow
A: no striking features
a: Renounce Religion, Bend Time


You were on level 2 of the Dungeon.
You worshipped Cheibriados.
Cheibriados was aware of your devotion.
You visited 1 branch of the dungeon, and saw 3 of its levels.

You collected 79 gold pieces.

Inventory:

Hand Weapons
 a - a +0 dagger (weapon)
 i - a +0 falchion
Missiles
 b - 80 stones (quivered)
 f - 65 arrows
Armour
 k - a +0 ring mail (worn)
 n - a +0 chain mail
Scrolls
 e - 3 scrolls of identify {unknown}
 g - a scroll of teleportation {unknown}
 j - a scroll of immolation {unknown}
 l - a scroll of holy word {unknown}
 m - a scroll of blinking {unknown}
Potions
 d - a potion of attraction


   Skills:
 + Level 1.3 Fighting
 + Level 1.3 Armour
 + Level 2.2 Spellcasting
 + Level 3.6 Summonings
 + Level 0.0 Transmutations
 + Level 0.0 Fire Magic
 + Level 4.6 Earth Magic
 + Level 0.0 Poison Magic
 + Level 0.0 Invocations


You had 2 spell levels left.
You knew the following spells:

 Your Spells              Type           Power      Damage    Failure   Level
a - Sandblast             Erth           42%        2d11      4%          1
b - Ignite Poison         Fire/Tmut/Pois 2%         N/A       67%         3

Your spell library contained the following spells:

 Spells                   Type           Power      Damage    Failure   Level
 Summon Small Mammal      Summ           68%        N/A       7%          1
 Beastly Appendage        Tmut           4%         N/A       30%         1
 Wereblood                Tmut           2%         N/A       43%         2
 Summon Guardian Golem    Hex/Summ       10%        N/A       41%         3
 Mephitic Cloud           Conj/Pois/Air  2%         N/A       67%         3
 Spider Form              Tmut/Pois      2%         N/A       67%         3
 Leda's Liquefaction      Hex/Erth       6%         N/A       75%         4
 Petrify                  Tmut/Erth      12%        N/A       75%         4
 Freezing Cloud           Conj/Ice/Air   1%         6-21      100%        5


Dungeon Overview and Level Annotations

Branches:
Dungeon (3/15)

Altars:
Cheibriados

Annotations:
D:3 Jessica


Message History

The iguana bites you. The iguana closely misses you.
You climb upwards.
There is a stone staircase leading down here.
Casting: Sandblast (safe; 4% risk of failure)
Confirm with . or Enter, or press ? or * to list all spells.
Aiming: Sandblast (safe; 4% risk of failure)
Press: ? - help, Shift-Dir - straight line, f - iguana
Aim: an iguana (83% to hit)
You miscast Sandblast.
You are very lightly contaminated with residual magic.
Nothing appears to happen.
The iguana barely misses you.
Casting: Sandblast (safe; 4% risk of failure)
Confirm with . or Enter, or press ? or * to list all spells.
Aiming: Sandblast (safe; 4% risk of failure)
Press: ? - help, Shift-Dir - straight line, f/p - iguana
Aim: an iguana (83% to hit)
The blast of sand hits the iguana.
The iguana is lightly wounded.
b - 82 stones The iguana barely misses you.
The iguana closely misses you.
Casting: Sandblast (safe; 4% risk of failure)
Confirm with . or Enter, or press ? or * to list all spells.
Aiming: Sandblast (safe; 4% risk of failure)
Press: ? - help, Shift-Dir - straight line, f/p - iguana
Aim: an iguana (lightly wounded, 83% to hit)
The blast of sand hits the iguana.
The iguana is moderately wounded.
b - 81 stones The iguana bites you!
* * * LOW HITPOINT WARNING * * *
Casting: Sandblast (safe; 4% risk of failure)
Confirm with . or Enter, or press ? or * to list all spells.
Aiming: Sandblast (safe; 4% risk of failure)
Press: ? - help, Shift-Dir - straight line, f/p - iguana
Aim: an iguana (moderately wounded, 83% to hit)
The blast of sand hits the iguana.
The iguana is heavily wounded.
b - 80 stones The iguana closely misses you.
The iguana bites you.
You die...

### #.#.#.#.#.#..# #.#
##########.# #.#.#.#.#.#..# #.#
...........# #.#.#.#.#.#..# #.#
##########.###.#.#...#.#..# #.#
.............#.....###.#..# #.#
.####..###.#.#.#.#<....#..# #.#
...##....#.#.###.#.#####..# #.#
.#.....#.#.#............[.# #.#
................@l........# #.#
.#..####+#...###.#.######## #.#
.#..# #.....####.#.# #.#
.#..###..........#.##########.#
.#....+......###.#............#
.###รท##......##################
.# #..'...........#
+###.##.....#####.#
............# #.#


You could see an iguana.

Vanquished Creatures
  A ball python (D:2)
  2 endoplasms (D:1)
  3 giant cockroaches
  4 goblins
  2 hobgoblins (D:1)
  4 quokkas
  3 bats (D:1)
  4 frilled lizards
  2 kobolds (D:1)
  4 rats
29 creatures vanquished.

Vanquished Creatures (others)
  A plant (D:1)
1 creature vanquished.

Grand Total: 30 creatures vanquished

Notes
Turn   | Place    | Note
-------+----------+-------------------------------------------
     0 | D:1      | Descartes the Deep Elf Wanderer began the quest for the
                  | Orb.
     0 | D:1      | Descartes set off with the following items: a +0 dagger, 24
                  | stones, a +0 robe, a potion of attraction; and the
                  | following spells available to memorise: Sandblast, Summon
                  | Small Mammal, Summon Guardian Golem, Leda's Liquefaction,
                  | Petrify
     0 | D:1      | Reached XP level 1. HP: 12/12 MP: 5/5
     2 | D:1      | Learned a level 1 spell: Sandblast
   264 | D:1      | Reached XP level 2. HP: 16/16 MP: 3/6
   667 | D:1      | Found a faded altar of an unknown god.
   684 | D:1      | Prayed at the altar of an unknown god.
   684 | D:1      | Became a worshipper of Cheibriados the Contemplative
   684 | D:1      | Reached * piety under Cheibriados
  1402 | D:2      | Reached XP level 3. HP: 20/20 MP: 5/8
  1647 | D:2      | Learned a level 3 spell: Ignite Poison
  1749 | D:3      | Noticed Jessica
  1757 | D:2      | Slain by an iguana

Illustrated notes

Levels and vault maps discovered:
D:1:      shiori_arrival_elements, layout_basic,
          hellmonk_ecumenical_altar_pennies_from_heaven, serial_bayou_ford_a
D:2:      layout_basic
D:3:      layout_basic, amcnicky_altar_gilded, serial_bayou_lagoon_a,
          minmay_fractal_squares_5, uniq_grinder, uniq_jessica

Skill      XL: |  1  2 |
---------------+-------+-----
Spellcasting   | 2 |  2.2
Fighting       | |  1.3
Armour         | |  1.3
Summonings     | |  3.6
Earth Magic    | |  4.6

Action                   || total
-------------------------++-------
Melee: Dagger            ||     5
 Cast: Sandblast         ||    41
Armor: Robe              ||     2
       Leather armour    ||     5
Dodge: Dodged            ||    13
